 Dungeon Crawl Stone Soup version 0.28-a0-313-gbc0475efdd (webtiles) character file.

Game seed: 1461384013118579206

104 Sweetruy1997 the Slasher (level 4, -1/38 HPs)
             Began as a Barachi Berserker on Aug 29, 2021.
             Was a Believer of Trog.
             Succumbed to an adder's poison
             ... on level 3 of the Dungeon on Aug 31, 2021.
             The game lasted 00:05:54 (3083 turns).

Sweetruy1997 the Slasher (Barachi Berserker)        Turns: 3083, Time: 00:05:55

Health: -1/38      AC:  2    Str: 18    XL:     4   Next: 80%
Magic:  4/4        EV: 12    Int:  7    God:    Trog [**....]
Gold:   133        SH:  0    Dex: 13    Spells: 3/3 levels left

rFire   . . .      SeeInvis .   a - +0 falchion
rCold   . . .      Faith    .   (no shield)
rNeg    . . .      Spirit   .   b - +0 animal skin
rPois   .          Reflect  .   (no helmet)
rElec   .          Harm     .   (no cloak)
rCorr   .          Rampage  .   (no gloves)
Will    .....                   (no boots)
Stlth   +.........              (no amulet)
HPRegen 0.12/turn               (no ring)
MPRegen 0.09/turn               (no ring)

@: lethally poisoned (-1 -> -7), attractive, slow
A: amphibious, slowness 1, strong legs 1, +LOS
a: Hop, Renounce Religion, Berserk, Trog's Hand


You were on level 3 of the Dungeon.
You worshipped Trog.
Trog was pleased with you.
You visited 1 branch of the dungeon, and saw 3 of its levels.

You collected 133 gold pieces.

Inventory:

Hand Weapons
 a - a +0 falchion (weapon)
Armour
 b - a +0 animal skin (worn)
Jewellery
 c - a +6 ring of dexterity
 f - an amulet of guardian spirit
Scrolls
 e - 3 scrolls of vulnerability {unknown}
 g - a scroll of identify {unknown}
 i - 3 scrolls of enchant weapon {unknown}
Potions
 d - a potion of attraction
 h - 2 potions of degeneration {unknown}
 j - a potion of flight {unknown}
 k - a potion of might {unknown}
 l - a potion of curing {unknown}


   Skills:
 + Level 4.7 Fighting
 + Level 5.1 Long Blades
 + Level 2.6 Armour
 + Level 2.8 Dodging


You had 3 spell levels left.
You didn't know any spells.
Your spell library was empty.

Dungeon Overview and Level Annotations

Branches:
Dungeon (3/15)

Altars:

Annotations:
D:3 2 transporters, Dittersdorf's ghost, amateur GrFi


Innate Abilities, Weirdness & Mutations

You are amphibious.
You cover ground slowly.
You can hop short distances.
You have an extended range of vision and can be seen from far away.


Message History

The orc hits you with a +0 dagger.
You hit the orc.
The orc is moderately wounded.
The orc misses you.
You hit the orc.
You kill the orc!
Trog accepts your kill. The adder bites you.
You hit the adder.
The adder is heavily wounded.
The adder bites you.
You closely miss the adder.
The adder is heavily wounded.
The adder bites you.
* * * LOW HITPOINT WARNING * * *
You are poisoned.
The adder poisons you!
You miss the adder.
The adder is heavily wounded.
You feel sick. The adder misses you. The adder bites you.
* * * LOW HITPOINT WARNING * * *
You are lethally poisoned!
The adder poisons you!
You slash the adder!
You kill the adder!
Trog accepts your kill.
* * * LOW HITPOINT WARNING * * *
You feel very sick.
You hit the orc.
The orc is almost dead.
* * * LOW HITPOINT WARNING * * *
You feel sick. The orc barely misses you.
You hit the orc.
You kill the orc!
Trog accepts your kill.
* * * LOW HITPOINT WARNING * * *
You feel sick.
It was a potion of attraction.
You feel attractive to monsters.
You die...

#...# #...# #...#
.. #...# #..( #...#
#...##########...#
................>.#
.......## #.##)#
#####..####.##@#
.....##.........#
#. #.8#.........#
##.##.W#.........#
......J#.........#
..©...K#©..##.##.#
......B#...##.##.#
##.##..#.####.##.#
##.##.8#.# #.##.#


There were no monsters in sight!

Vanquished Creatures
  A gnoll (D:1)
  2 adders
  2 worms (D:2)
  2 dart slugs (D:1)
  6 orcs (D:3)
  5 ball pythons
  8 endoplasms
  A giant cockroach (D:1)
  5 goblins
  5 hobgoblins
  5 kobolds
  A quokka (D:2)
  6 bats
  4 frilled lizards
  6 rats
59 creatures vanquished.

Vanquished Creatures (others)
  A plant (D:1)
1 creature vanquished.

Grand Total: 60 creatures vanquished

Notes
Turn   | Place    | Note
-------+----------+-------------------------------------------
     0 | D:1      | Sweetruy1997 the Barachi Berserker began the quest for the
                  | Orb.
     0 | D:1      | Reached XP level 1. HP: 18/18 MP: 1/1
    31 | D:1      | Reached skill level 4 in Long Blades
    31 | D:1      | Reached XP level 2. HP: 13/25 MP: 2/2
   448 | D:1      | HP: 1/25 [kobold (3)]
   807 | D:1      | Reached XP level 3. HP: 14/31 MP: 3/3
   858 | D:1      | Upgraded the game from 0.28-a0-268-g3f656e82c2 to
                  | 0.28-a0-305-g9e858e973b
  1121 | D:1      | Found a faded altar of an unknown god.
  1730 | D:2      | Reached XP level 4. HP: 30/38 MP: 4/4
  2540 | D:2      | Reached ** piety under Trog
  2738 | D:2      | Reached skill level 5 in Long Blades
  2948 | D:3      | Upgraded the game from 0.28-a0-305-g9e858e973b to
                  | 0.28-a0-313-gbc0475efdd
  2995 | D:3      | Found a transporter.
  3043 | D:3      | Found a transporter.
  3043 | D:3      | Noticed Dittersdorf's ghost (amateur GrFi)
  3081 | D:3      | HP: 1/38 [poisoned by an adder]
  3083 | D:3      | Succumbed to an adder's poison

Illustrated notes

Levels and vault maps discovered:
D:1:      giann_horns, layout_loops_ring,
          shapermc_ecumenical_altar_mp_ritualfount, kennysheep_another_room,
          hangedman_decor_push
D:2:      layout_loops_ring
D:3:      layout_basic, gammafunk_ghost_arena, kennysheep_jessica_study

Skill      XL: |  1  2  3  4 |
---------------+-------------+-----
Fighting       | 4 |  4.7
Long Blades    | 4 5 |  5.1
Armour         | |  2.6
Dodging        | |  2.8

Action                   |  1- 3 |  4- 6 || total
-------------------------+-------+-------++-------
Melee: Falchion          |    91 |    91 ||   182
 Abil: Hop               |     6 |     2 ||     8
  Use: Potion            |       |     1 ||     1
Armor: Animal skin       |    27 |    12 ||    39
Dodge: Dodged            |    70 |    48 ||   118

Table legend: (Time is in decaauts)
 A = Elapsed time spent in this place.
 B = Non-inter-level travel time spent in this place.
 C = Inter-level travel time spent in this place.
 D = Time resting spent in this place.
 E = Time spent auto-exploring this place.
 F = Levels seen in this place.
 G = Mean time per level.
                   A        B        C        D        E       F      G
               +--------+--------+--------+--------+--------+-----+--------+
         Total |   3331 |   3298 |     33 |   1047 |   1789 |   3 | 1110.3 |
       Dungeon |   3331 |   3298 |     33 |   1047 |   1789 |   3 | 1110.3 |
               +--------+--------+--------+--------+--------+-----+--------+

Top non-repeatable levels by time:
     D:1: 1844 daAuts
     D:2: 1334 daAuts
     D:3: 151 daAuts
